 Dungeon Sprint DCSS version 0.28.0-53-g5a82cb258f (webtiles) character file.

Game seed: 10717875404348591158

513 Revguard the Cudgeller (level 7, 0/112 HPs)
             Began as a Troll Berserker on Aug 25, 2022.
             Was a Believer of Trog.
             Killed from afar by a deep elf zephyrmancer (30 damage)
             ... with a bolt of lightning
             ... in the Dungeon (Sprint V: "Ziggurat Sprint").
             The game lasted 00:01:53 (116 turns).

Revguard the Cudgeller (Troll Berserker)             Turns: 116, Time: 00:01:55

Health: 0/112      AC: 22    Str: 32    XL:     7   Next: 0%
Magic:  6/6        EV:  6    Int:  3    God:    Trog [**....]
Gold:   0          SH:  0    Dex: 17    Spells: 6/6 levels left

rFire   + + +      SeeInvis .   C - +7 great mace "Firestarter" {inner flame, rF++}
rCold   + . .      Faith    .   (shield currently unavailable)
rNeg    . . .      Spirit   .   q - +5 gold dragon scales
rPois   +          Reflect  .   (helmet restricted)
rElec   .          Harm     .   (no cloak)
rCorr   .          Rampage  .   (gloves unavailable)
Will    ++...      NoTele   +   (boots unavailable)
Stlth   ..........              (no amulet)
HPRegen 2.08/turn               z - +6 ring of strength
MPRegen 0.10/turn               v - +6 ring of dexterity

@: berserking, strong-willed (expiring), regenerating (expiring), very quick
A: large, unfitting armour, claws 3, regeneration 1, shaggy fur 1, tough skin 1
a: Renounce Religion, Berserk, Trog's Hand


You were in the Dungeon.
You worshipped Trog.
Trog was pleased with you.
You visited 1 branch

Inventory:

Hand Weapons
 a - a +0 mace
 C - the +7 great mace "Firestarter" (weapon) {inner flame, rF++}
   (You found it in the Dungeon)

   It burns those it strikes, dealing additional fire damage.
   It fills those it strikes with an explosive inner flame.
   It grants immunity to clouds of flame.
   rF:        It greatly protects you from fire.
Armour
 b - a +0 animal skin
 q - +5 gold dragon scales (worn)
 B - +5 storm dragon scales
Jewellery
 u - a ring of flight
 v - a +6 ring of dexterity (right claw)
 w - a +6 ring of dexterity
 x - a +6 ring of intelligence
 y - a +6 ring of intelligence
 z - a +6 ring of strength (left claw)
 A - a +6 ring of strength
Wands
 r - a wand of mindburst (7)
 s - a wand of iceblast (7)
 t - a wand of acid (7)
Scrolls
 h - 4 scrolls of blinking
 m - 7 scrolls of fog
 n - a scroll of holy word
 o - 5 scrolls of identify
 p - 2 scrolls of fear
Potions
 c - 10 potions of curing
 d - 10 potions of heal wounds
 e - 6 potions of haste
 f - 7 potions of magic
 g - 3 potions of berserk rage
 i - 2 potions of invisibility
 j - 4 potions of resistance
 l - 5 potions of might


   Skills:
 + Level 6.2 Fighting
 + Level 6.8 Maces & Flails
 + Level 5.5 Armour
 + Level 6.2 Dodging
 + Level 5.1 Evocations


You had 6 spell levels left.
You didn't know any spells.
Your spell library was empty.

Dungeon Overview and Level Annotations

Branches:
Dungeon (1/1)

Altars:
Ashenzari
Cheibriados
Dithmenos
Elyvilon
Fedhas
Gozag
Hepliaklqana
Kikubaaqudgha
Makhleb
Nemelex Xobeh
Okawaru
Qazlal
Ru
Sif Muna
Trog
Uskayaw
Vehumet
Wu Jian
Xom
Yredelemnul
Zin
The Shining One
Beogh
Jiyva
Lugonu

Annotations:
D 1 transporter


Innate Abilities, Weirdness & Mutations

You are too large for most types of armour.
You have claws for hands.
Your natural rate of healing is unusually fast.
You are covered in fur. (AC +1)
You have tough skin. (AC +1)


Message History

The deep elf pyromancer casts a spell.
The deep elf pyromancer blinks!
A red film seems to cover your vision as you go berserk!
You feel yourself moving faster!
You feel mighty!
The deep elf zephyrmancer mumbles some strange words.
The deep elf zephyrmancer blinks!
You sock the deep elf pyromancer! You burn the deep elf pyromancer!
The deep elf pyromancer is filled with an inner flame.
The deep elf pyromancer is heavily wounded.
The deep elf pyromancer gestures wildly while chanting.
The deep elf zephyrmancer gestures wildly while chanting.
The deep elf zephyrmancer blinks!
You bludgeon the deep elf pyromancer!! You burn the deep elf pyromancer!
Trog accepts your kill.
You can now call upon Trog for regeneration and willpower.
Trog appreciates your killing of a magic user.
The fire elemental disappears in a puff of smoke! x2
The deep elf pyromancer explodes!
The fiery explosion engulfs you. You resist.
Your Fighting skill gained 2 levels and is now at level 6!
Your Maces & Flails skill gained 2 levels and is now at level 6!
Your Armour skill gained 2 levels and is now at level 5!
Your Dodging skill gained 2 levels and is now at level 6!
Your Evocations skill gained 3 levels and is now at level 5!
You have reached level 4!
You have reached level 5!
You have reached level 6!
You feel stronger.
You have reached level 7!
The deep elf zephyrmancer gestures wildly while chanting.
The deep elf zephyrmancer blinks!
Things that are here:
a +0 rapier; a +0 leather armour You feel a strong urge to attack something.
You feel the effects of Trog's Hand fading.
The deep elf zephyrmancer points at you and mumbles some strange words.
The bolt of lightning hits you!!
* * * LOW HITPOINT WARNING * * *
The bolt of lightning hits you!!
You die...

▓▓▓▓▓▓▓▓▓▓▓▓▓
▓§8©8.▓.8©8.▓
▓.:=).▓.....▓
▓.....▓.).|.▓
▓.§e..▓.....▓
▓e§@§.▓.....▓
▓.§§§.▓..©..▓
▓..§§.▓▓▓▓▓▓▓
▓▓▓▓▓▓▓


You could see 2 deep elf zephyrmancers.

Vanquished Creatures
  A deep elf pyromancer (D)
  A quasit (D)
  An iron imp (D)
3 creatures vanquished.

Notes
Turn   | Place    | Note
-------+----------+-------------------------------------------
     0 | D        | Revguard the Troll Berserker began the quest for the Orb.
     0 | D        | Reached XP level 1. HP: 22/22 MP: 0/0
     0 | D        | Found a blossoming altar of Fedhas.
     0 | D        | Found the +6 Majin-Bo {vamp, MP+6 Int+6}
     0 | D        | Found the +9 heavy crossbow "Sniper" {vorpal, Acc+∞ SInv}
     0 | D        | Found the +10 dark maul {vorpal}
     0 | D        | Found the +15 Maxwell's patent armour {-Cast -Tele rElec
                  | Will+ rCorr}
     0 | D        | Found the +18 shield of the Gong {rElec rN+ Will+ EV-5}
     0 | D        | Found the +14 obsidian axe {vorpal, Mesm Drain Fly SInv}
     0 | D        | Found the +7 great mace "Firestarter" {inner flame, rF++}
     0 | D        | Found the +6 shillelagh "Devastator" {shatter}
     0 | D        | Found the +11 plutonium sword {Contam Stlth-}
     0 | D        | Found the +8 lance "Wyrmbane" {slay drac, rPois rF+ rC+
                  | AC+3}
     0 | D        | Found the +9 sword of Zonguldrok {reap}
     0 | D        | Found the +13 scythe of Curses {drain, Drain}
     0 | D        | Found the +5 sword of Power {vorpal}
     0 | D        | Found the +7 mace of Variability {chain chaos}
     0 | D        | Found the +7 Singing Sword {vorpal, sonic wave}
     0 | D        | Found the +8 storm bow {elec, penet}
     1 | D        | Found a shimmering blue altar of Sif Muna.
     1 | D        | Found a sacrificial altar of Ru.
     1 | D        | Found a bloodstained altar of Trog.
     1 | D        | Found a stormy altar of Qazlal.
     1 | D        | Found an iron altar of Okawaru.
     1 | D        | Found a sparkling altar of Nemelex Xobeh.
     3 | D        | Found a transporter.
     3 | D        | Found an ancient bone altar of Kikubaaqudgha.
     3 | D        | Found a viscous altar of Jiyva.
     3 | D        | Found a corrupted altar of Lugonu.
     3 | D        | Found a hazy altar of Hepliaklqana.
     3 | D        | Found a burning altar of Makhleb.
     3 | D        | Found an opulent altar of Gozag.
    90 | D        | Reached XP level 2. HP: 31/31 MP: 1/1
    99 | D        | Entered arena 2.
    99 | D        | Found a transporter.
   102 | D        | Reached XP level 3. HP: 37/39 MP: 2/2
   105 | D        | Reached ** piety under Trog
   110 | D        | Entered arena 3.
   110 | D        | Noticed a deep elf zephyrmancer
   110 | D        | Noticed a deep elf zephyrmancer
   110 | D        | Noticed a deep elf pyromancer
   110 | D        | Found a transporter.
   114 | D        | Noticed a fire elemental
   114 | D        | Noticed a fire elemental
   114 | D        | Killed a deep elf pyromancer
   115 | D        | Reached skill level 5 in Armour
   115 | D        | Reached skill level 5 in Evocations
   115 | D        | Reached XP level 4. HP: 41/52 MP: 3/3
   115 | D        | Reached XP level 5. HP: 47/59 MP: 4/4
   115 | D        | Reached XP level 6. HP: 53/67 MP: 5/5
   115 | D        | Reached XP level 7. HP: 60/75 MP: 6/6
   116 | D        | Killed from afar by a deep elf zephyrmancer

Illustrated notes

Levels and vault maps discovered:
D:        sprint_v [room_start, room_1, room_2, room_3, room_4, room_5, room_6,
          room_7, room_8, room_9, room_10, room_11, room_12, room_13, room_14,
          room_15, room_16, room_17, room_18, room_19, room_20, room_21,
          room_22, room_23, room_24, room_25, room_26, room_27]

Skill      XL: |  1  2  3 |
---------------+----------+-----
Fighting       | 3 4 6 |  6.2
Maces & Flails | 4 6 |  6.8
Armour         | 2 5 |  5.5
Dodging        | 3 4 6 |  6.2
Evocations     | 2 5 |  5.1

Action                   |  1- 3 |  4- 6 |  7- 9 || total
-------------------------+-------+-------+-------++-------
Melee: Great mace        |     7 |       |       ||     7
Invok: Berserk           |     1 |       |       ||     1
       Trog's Hand       |     1 |       |       ||     1
  Use: Potion            |     1 |       |       ||     1
Armor: Gold dragon scale |     5 |       |       ||     5
Dodge: Dodged            |     3 |       |       ||     3
